3019 views
Uploaded 2020-03-22 23:22:41
Game version 1.32.3
16:25 long 3on3 ladder game on (6)Monsoon_LV
Saved by BEARAND
3019 views
Uploaded 2020-03-22 23:22:41
Game version 1.32.3
16:25 long 3on3 ladder game on (6)Monsoon_LV


98 units @ 9.2k
/ 0.9k
120 buildings @ 8.6k
/ 4.6k


| Scroll of Regeneration | 1 | 100 |
| Circlet of Nobility | 1 | 175 |
| Boots of Speed | 1 | 250 |
| Staff of Teleportation | 2 | 300 |
| total: | 5 | 825g |
| Peasant | 27 | 2025 | / | 0 |
| Flying Machine | 5 | 500 | / | 150 |
| total: | 32 | 2525g | / | 150w |
| Scout Tower | 32 | 960 | / | 640 |
| Arcane Tower | 3 | 210 | / | 150 |
| Guard Tower | 14 | 980 | / | 700 |
| Altar of Kings | 1 | 180 | / | 50 |
| Farm | 3 | 240 | / | 60 |
| Lumber Mill | 1 | 120 | / | 0 |
| Arcane Vault | 1 | 130 | / | 30 |
| Town Hall | 1 | 385 | / | 205 |
| Blacksmith | 1 | 140 | / | 60 |
| Arcane Sanctum | 1 | 150 | / | 140 |
| Workshop | 4 | 560 | / | 560 |
| Keep | 1 | 320 | / | 210 |
| Castle | 1 | 360 | / | 210 |
| total: | 45 | 2865g | / | 1745w |
| 0:15 | Altar of Kings |
| 0:21 | Farm |
| 0:23 | Peasant |
| 0:23 | Peasant |
| 0:32 | Peasant |
| 0:41 | Peasant |
| 0:54 | Lumber Mill |
| 0:57 | Peasant |
| 1:05 | Farm |
| 1:10 | Peasant |
| 1:11 | Peasant |
| 1:16 | Scout Tower |
| 1:25 | Peasant |
| 1:37 | Peasant |
| 1:43 | Scout Tower |
| 1:44 | Arcane Tower |
| 1:52 | Peasant |
| 2:11 | Arcane Tower |
| 2:14 | Scout Tower |
| 2:25 | Peasant |
| 2:25 | Peasant |
| 2:32 | Scout Tower |
| 2:59 | Guard Tower |
| 3:07 | Blizzard |
| 3:09 | Peasant |
| 3:09 | Peasant |
| 3:10 | Peasant |
| 3:42 | Peasant |
| 3:49 | Scout Tower |
| 4:08 | Circlet of Nobility |
| 4:08 | Boots of Speed |
| 4:08 | Staff of Teleportation |
| 4:15 | Improved Masonry |
| 4:19 | Guard Tower |
| 4:33 | Farm |
| 4:38 | Scout Tower |
| 5:01 | Keep |
| 5:10 | Scout Tower |
| 5:18 | Scout Tower |
| 5:20 | Guard Tower |
| 5:24 | Scout Tower |
| 5:37 | Scout Tower |
| 5:44 | Guard Tower |
| 5:47 | Scout Tower |
| 5:55 | Guard Tower |
| 5:58 | Scout Tower |
| 6:08 | Guard Tower |
| 6:12 | Scout Tower |
| 6:13 | Arcane Tower |
| 6:15 | Scout Tower |
| 6:42 | Guard Tower |
| 6:44 | Guard Tower |
| 7:14 | Scout Tower |
| 7:44 | Scout Tower |
| 7:45 | Scout Tower |
| 7:47 | Scout Tower |
| 7:54 | Guard Tower |
| 8:14 | Guard Tower |
| 8:16 | Scout Tower |
| 8:17 | Scout Tower |
| 8:34 | Peasant |
| 8:35 | Peasant |
| 8:42 | Guard Tower |
| 8:45 | Guard Tower |
| 8:50 | Scout Tower |
| 8:52 | Scout Tower |
| 8:54 | Storm Bolt |
| 8:58 | Scout Tower |
| 8:59 | Scout Tower |
| 9:41 | Scout Tower |
| 9:41 | Scout Tower |
| 9:42 | Scout Tower |
| 9:43 | Scout Tower |
| 9:45 | Scout Tower |
| 9:46 | Scout Tower |
| 9:47 | Scout Tower |
| 9:47 | Scout Tower |
| 10:03 | Arcane Vault |
| 10:11 | Brilliance Aura |
| 10:12 | Guard Tower |
| 10:27 | Peasant |
| 10:27 | Peasant |
| 10:27 | Peasant |
| 10:54 | Guard Tower |
| 11:32 | Town Hall |
| 11:43 | Scroll of Regeneration |
| 12:18 | Staff of Teleportation |
| 13:20 | Castle |
| 13:44 | Blacksmith |
| 13:48 | Peasant |
| 13:48 | Peasant |
| 13:49 | Peasant |
| 13:56 | Advanced Masonry |
| 13:56 | Improved Lumber Harvesting |
| 13:59 | Arcane Sanctum |
| 14:41 | Peasant |
| 14:58 | Workshop |
| 14:59 | Workshop |
| 15:00 | Workshop |
| 15:04 | Workshop |
| 15:07 | Black Gunpowder |
| 15:24 | Magic Sentry |
| 16:01 | Flying Machine Bombs |
| 16:03 | Flying Machine |
| 16:03 | Flying Machine |
| 16:04 | Flying Machine |
| 16:09 | Peasant |
| 16:09 | Peasant |
| 16:11 | Flying Machine |
| 16:12 | Flying Machine |
| 16:16 | Thunder Clap |
| Right click | 825 |
| Select group | 270 |
| Select | 184 |
| Build/train/purchase | 87 |
| Use ability | 31 |
| Chat | 24 |
| Misc. action | 21 |
| Assign group | 8 |
| Minimap ping | 5 |
| Item give/drop | 1 |
| Remove unit | 1 |
BEARAND
(16:24) : 


| Scroll of Regeneration | 2 | 200 |
| Potion of Healing | 6 | 900 |
| Staff of Sanctuary | 2 | 500 |
| Orb of Fire | 2 | 650 |
| Potion of Mana | 1 | 200 |
| Staff of Teleportation | 1 | 150 |
| Boots of Speed | 1 | 250 |
| total: | 15 | 2850g |
| Peasant | 14 | 1050 | / | 0 |
| Priest | 2 | 270 | / | 20 |
| total: | 16 | 1320g | / | 20w |
| Scout Tower | 22 | 660 | / | 440 |
| Arcane Tower | 2 | 140 | / | 100 |
| Guard Tower | 20 | 1400 | / | 1000 |
| Altar of Kings | 1 | 180 | / | 50 |
| Farm | 6 | 480 | / | 120 |
| Lumber Mill | 1 | 120 | / | 0 |
| Arcane Vault | 2 | 260 | / | 60 |
| Town Hall | 1 | 385 | / | 205 |
| Arcane Sanctum | 1 | 150 | / | 140 |
| Gryphon Aviary | 1 | 140 | / | 150 |
| Keep | 1 | 320 | / | 210 |
| Castle | 2 | 720 | / | 420 |
| total: | 35 | 2375g | / | 1165w |
| 0:04 | Peasant |
| 0:04 | Peasant |
| 0:07 | Altar of Kings |
| 0:19 | Peasant |
| 0:20 | Farm |
| 0:32 | Peasant |
| 0:43 | Peasant |
| 0:55 | Lumber Mill |
| 0:56 | Peasant |
| 1:20 | Farm |
| 1:21 | Peasant |
| 1:27 | Scout Tower |
| 1:30 | Scout Tower |
| 1:31 | Peasant |
| 1:41 | Peasant |
| 1:43 | Peasant |
| 1:53 | Arcane Tower |
| 1:57 | Peasant |
| 2:07 | Blizzard |
| 2:13 | Scout Tower |
| 2:19 | Guard Tower |
| 2:21 | Scout Tower |
| 2:22 | Scout Tower |
| 2:27 | Peasant |
| 2:27 | Peasant |
| 2:35 | Scout Tower |
| 2:41 | Guard Tower |
| 3:08 | Guard Tower |
| 3:22 | Guard Tower |
| 3:23 | Guard Tower |
| 3:28 | Scout Tower |
| 3:30 | Scout Tower |
| 3:31 | Scout Tower |
| 3:31 | Scout Tower |
| 3:32 | Scout Tower |
| 4:05 | Guard Tower |
| 4:05 | Guard Tower |
| 4:06 | Keep |
| 4:15 | Scout Tower |
| 4:16 | Scout Tower |
| 4:28 | Arcane Vault |
| 4:30 | Arcane Vault |
| 4:31 | Guard Tower |
| 4:31 | Guard Tower |
| 4:53 | Farm |
| 4:54 | Farm |
| 5:03 | Staff of Teleportation |
| 5:12 | Boots of Speed |
| 5:17 | Guard Tower |
| 5:33 | Improved Masonry |
| 5:35 | Scroll of Regeneration |
| 5:49 | Guard Tower |
| 5:51 | Scout Tower |
| 5:52 | Scout Tower |
| 5:53 | Scout Tower |
| 6:20 | Brilliance Aura |
| 6:20 | Guard Tower |
| 6:26 | Scroll of Regeneration |
| 7:20 | Blizzard |
| 7:45 | Arcane Sanctum |
| 7:45 | Advanced Masonry |
| 7:51 | Potion of Healing |
| 7:52 | Potion of Healing |
| 7:57 | Storm Bolt |
| 8:58 | Magic Sentry |
| 8:58 | Priest |
| 9:00 | Castle |
| 9:43 | Priest |
| 9:46 | Farm |
| 9:47 | Farm |
| 10:12 | Potion of Healing |
| 10:13 | Potion of Healing |
| 10:24 | Guard Tower |
| 10:27 | Gryphon Aviary |
| 11:29 | Staff of Sanctuary |
| 11:30 | Orb of Fire |
| 11:46 | Town Hall |
| 13:31 | Holy Light |
| 14:04 | Peasant |
| 14:08 | Imbued Masonry |
| 14:31 | Orb of Fire |
| 14:31 | Staff of Sanctuary |
| 14:33 | Potion of Healing |
| 14:33 | Potion of Mana |
| 14:33 | Potion of Healing |
| 14:39 | Scout Tower |
| 14:39 | Scout Tower |
| 14:40 | Scout Tower |
| 14:41 | Scout Tower |
| 14:41 | Scout Tower |
| 14:42 | Scout Tower |
| 15:03 | Bash |
| Right click | 1805 |
| Select | 435 |
| Build/train/purchase | 212 |
| Select group | 146 |
| Chat | 53 |
| Use ability | 46 |
| Misc. action | 15 |
| Resource trade | 12 |
| Assign group | 11 |
| Minimap ping | 9 |
| Item give/drop | 6 |


| Scroll of Regeneration | 3 | 300 |
| Lesser Clarity Potion | 2 | 140 |
| Boots of Speed | 2 | 500 |
| Staff of Teleportation | 1 | 150 |
| total: | 8 | 1090g |
| Peasant | 37 | 2775 | / | 0 |
| Siege Engine | 13 | 2535 | / | 780 |
| total: | 50 | 5310g | / | 780w |
| Scout Tower | 19 | 570 | / | 380 |
| Arcane Tower | 1 | 70 | / | 50 |
| Guard Tower | 16 | 1120 | / | 800 |
| Altar of Kings | 1 | 180 | / | 50 |
| Lumber Mill | 1 | 120 | / | 0 |
| Farm | 11 | 880 | / | 220 |
| Arcane Vault | 1 | 130 | / | 30 |
| Town Hall | 2 | 770 | / | 410 |
| Blacksmith | 1 | 140 | / | 60 |
| Workshop | 4 | 560 | / | 560 |
| Keep | 1 | 320 | / | 210 |
| Castle | 1 | 360 | / | 210 |
| total: | 40 | 3350g | / | 1710w |
| 0:01 | Peasant |
| 0:03 | Altar of Kings |
| 0:10 | Peasant |
| 0:18 | Lumber Mill |
| 0:24 | Peasant |
| 0:33 | Farm |
| 0:42 | Peasant |
| 1:02 | Scout Tower |
| 1:03 | Peasant |
| 1:10 | Farm |
| 1:11 | Peasant |
| 1:15 | Peasant |
| 1:29 | Arcane Tower |
| 1:37 | Scout Tower |
| 1:49 | Peasant |
| 1:49 | Peasant |
| 1:54 | Improved Masonry |
| 1:54 | Advanced Masonry |
| 1:56 | Peasant |
| 2:06 | Storm Bolt |
| 2:08 | Guard Tower |
| 2:12 | Scout Tower |
| 2:15 | Peasant |
| 2:25 | Arcane Vault |
| 2:38 | Guard Tower |
| 2:40 | Scout Tower |
| 2:43 | Peasant |
| 2:43 | Peasant |
| 3:03 | Peasant |
| 3:12 | Guard Tower |
| 3:21 | Scout Tower |
| 3:25 | Peasant |
| 4:08 | Guard Tower |
| 4:09 | Scout Tower |
| 4:13 | Scout Tower |
| 4:13 | Scout Tower |
| 4:24 | Keep |
| 4:38 | Guard Tower |
| 4:39 | Scout Tower |
| 4:50 | Guard Tower |
| 4:52 | Scout Tower |
| 4:53 | Scout Tower |
| 4:53 | Guard Tower |
| 5:09 | Guard Tower |
| 5:17 | Guard Tower |
| 5:21 | Scout Tower |
| 5:21 | Guard Tower |
| 5:28 | Scout Tower |
| 5:41 | Boots of Speed |
| 6:20 | Scout Tower |
| 6:21 | Scout Tower |
| 6:39 | Farm |
| 7:04 | Bash |
| 7:17 | Peasant |
| 7:29 | Scroll of Regeneration |
| 7:29 | Lesser Clarity Potion |
| 7:31 | Scroll of Regeneration |
| 7:32 | Lesser Clarity Potion |
| 7:38 | Guard Tower |
| 7:39 | Castle |
| 7:57 | Town Hall |
| 8:00 | Guard Tower |
| 8:16 | Holy Light |
| 9:00 | Imbued Masonry |
| 9:00 | Improved Lumber Harvesting |
| 9:46 | Boots of Speed |
| 9:47 | Staff of Teleportation |
| 9:58 | Scout Tower |
| 9:59 | Scout Tower |
| 10:36 | Town Hall |
| 10:53 | Blacksmith |
| 10:56 | Guard Tower |
| 10:57 | Scout Tower |
| 10:58 | Scout Tower |
| 11:02 | Peasant |
| 11:02 | Peasant |
| 11:02 | Peasant |
| 11:02 | Peasant |
| 11:10 | Peasant |
| 11:36 | Peasant |
| 11:40 | Farm |
| 11:40 | Farm |
| 11:41 | Farm |
| 11:43 | Peasant |
| 11:46 | Peasant |
| 11:46 | Peasant |
| 11:48 | Peasant |
| 11:48 | Peasant |
| 11:57 | Guard Tower |
| 12:00 | Peasant |
| 12:14 | Black Gunpowder |
| 12:15 | Iron Plating |
| 12:17 | Workshop |
| 12:31 | Workshop |
| 12:45 | Farm |
| 13:09 | Siege Engine |
| 13:09 | Siege Engine |
| 13:14 | Peasant |
| 13:14 | Peasant |
| 13:23 | Siege Engine |
| 13:26 | Divine Shield |
| 13:34 | Workshop |
| 13:39 | Siege Engine |
| 13:45 | Peasant |
| 13:46 | Peasant |
| 13:49 | Peasant |
| 13:57 | Siege Engine |
| 14:09 | Peasant |
| 14:09 | Peasant |
| 14:13 | Siege Engine |
| 14:23 | Peasant |
| 14:27 | Refined Gunpowder |
| 14:27 | Imbued Gunpowder |
| 14:34 | Siege Engine |
| 14:44 | Workshop |
| 14:54 | Advanced Lumber Harvesting |
| 14:56 | Steel Plating |
| 14:59 | Siege Engine |
| 15:00 | Peasant |
| 15:02 | Farm |
| 15:03 | Farm |
| 15:09 | Siege Engine |
| 15:20 | Farm |
| 15:27 | Siege Engine |
| 15:38 | Siege Engine |
| 15:41 | Scroll of Regeneration |
| 15:52 | Storm Bolt |
| 15:57 | Siege Engine |
| 15:59 | Farm |
| 16:09 | Siege Engine |
| Right click | 620 |
| Assign group | 410 |
| Select group | 346 |
| Select | 315 |
| Build/train/purchase | 123 |
| Use ability | 30 |
| Misc. action | 17 |
| Chat | 7 |
| Item give/drop | 2 |
| Remove unit | 2 |
/ 1.2k
22 buildings @ 3.8k
/ 1.4k

| Wisp | 17 | 1020 | / | 0 |
| Huntress | 36 | 7020 | / | 720 |
| Glaive Thrower | 6 | 1260 | / | 390 |
| total: | 59 | 9300g | / | 1110w |
| Tree of Life | 1 | 340 | / | 185 |
| Moon Well | 5 | 900 | / | 200 |
| Altar of Elders | 1 | 180 | / | 50 |
| Hunter's Hall | 1 | 210 | / | 100 |
| Ancient of War | 2 | 300 | / | 120 |
| Ancient of Lore | 2 | 310 | / | 290 |
| Tree of Ages | 1 | 320 | / | 180 |
| total: | 12 | 2240g | / | 945w |
| 0:03 | Wisp |
| 0:03 | Wisp |
| 0:04 | Wisp |
| 0:42 | Wisp |
| 0:55 | Wisp |
| 1:03 | Tree of Life |
| 1:08 | Moon Well |
| 1:23 | Wisp |
| 1:39 | Altar of Elders |
| 2:01 | Wisp |
| 2:03 | Wisp |
| 2:10 | Wisp |
| 2:33 | Hunter's Hall |
| 2:37 | Ancient of War |
| 2:46 | Ancient of War |
| 2:54 | Wisp |
| 3:30 | Moon Well |
| 3:37 | Entangling Roots |
| 3:40 | Huntress |
| 3:41 | Huntress |
| 3:47 | Huntress |
| 3:47 | Huntress |
| 3:47 | Huntress |
| 4:29 | Huntress |
| 4:29 | Huntress |
| 4:34 | Wisp |
| 4:34 | Wisp |
| 4:34 | Wisp |
| 4:50 | Huntress |
| 4:50 | Huntress |
| 4:50 | Huntress |
| 5:04 | Wisp |
| 5:04 | Wisp |
| 5:05 | Wisp |
| 5:24 | Wisp |
| 5:27 | Huntress |
| 5:27 | Huntress |
| 5:58 | Huntress |
| 5:58 | Huntress |
| 6:15 | Tree of Ages |
| 6:44 | Huntress |
| 6:45 | Huntress |
| 6:45 | Huntress |
| 7:08 | Moon Well |
| 7:45 | Moon Well |
| 8:11 | Thorns Aura |
| 8:38 | Huntress |
| 8:38 | Huntress |
| 8:38 | Huntress |
| 9:05 | Strength of the Moon |
| 9:30 | Moon Well |
| 9:45 | Moon Armor |
| 11:00 | Huntress |
| 11:00 | Huntress |
| 11:00 | Huntress |
| 11:00 | Huntress |
| 11:13 | Huntress |
| 11:13 | Huntress |
| 11:13 | Huntress |
| 11:42 | Ancient of Lore |
| 12:16 | Huntress |
| 12:16 | Huntress |
| 12:16 | Huntress |
| 13:12 | Entangling Roots |
| 13:35 | Huntress |
| 13:35 | Huntress |
| 13:35 | Huntress |
| 13:39 | Thorns Aura |
| 13:55 | Huntress |
| 13:55 | Huntress |
| 13:55 | Huntress |
| 14:23 | Ancient of Lore |
| 14:38 | Glaive Thrower |
| 14:39 | Glaive Thrower |
| 14:39 | Glaive Thrower |
| 15:29 | Glaive Thrower |
| 15:30 | Glaive Thrower |
| 15:30 | Glaive Thrower |
| Right click | 846 |
| Select | 419 |
| Select group | 394 |
| Build/train/purchase | 80 |
| Assign group | 37 |
| Use ability | 27 |
| Misc. action | 7 |
| Chat | 6 |
| Minimap ping | 1 |

| Peon | 12 | 900 | / | 0 |
| Grunt | 4 | 800 | / | 0 |
| Troll Headhunter | 3 | 420 | / | 60 |
| total: | 19 | 2120g | / | 60w |
| Watch Tower | 2 | 220 | / | 160 |
| Altar of Storms | 1 | 180 | / | 50 |
| Orc Burrow | 5 | 800 | / | 200 |
| Barracks | 1 | 180 | / | 50 |
| War Mill | 1 | 205 | / | 0 |
| Stronghold | 1 | 315 | / | 190 |
| total: | 10 | 1585g | / | 460w |
| 0:07 | Altar of Storms |
| 0:10 | Peon |
| 0:10 | Peon |
| 0:10 | Peon |
| 0:11 | Peon |
| 0:11 | Peon |
| 0:11 | Peon |
| 1:14 | Orc Burrow |
| 1:32 | Orc Burrow |
| 2:13 | Barracks |
| 2:34 | Orc Burrow |
| 2:37 | Peon |
| 2:37 | Peon |
| 3:07 | Feral Spirit |
| 3:28 | Grunt |
| 3:28 | Grunt |
| 3:47 | War Mill |
| 3:49 | Peon |
| 3:49 | Peon |
| 3:55 | Orc Burrow |
| 4:44 | Grunt |
| 4:44 | Grunt |
| 4:55 | Peon |
| 4:55 | Peon |
| 5:25 | Orc Burrow |
| 5:53 | Watch Tower |
| 5:58 | Watch Tower |
| 6:16 | Steel Melee Weapons |
| 6:16 | Steel Armor |
| 6:17 | Spiked Barricades |
| 6:18 | Steel Ranged Weapons |
| 6:20 | Stronghold |
| 6:26 | Troll Headhunter |
| 6:27 | Troll Headhunter |
| 6:27 | Troll Headhunter |
| 6:32 | Chain Lighting |
| Right click | 97 |
| Select | 64 |
| Build/train/purchase | 32 |
| Misc. action | 6 |
| Use ability | 1 |
| Esc | 1 |
⇛